 Dungeon Crawl Stone Soup version 0.23-a0-643-g9ccc95a (webtiles) character file.

77 Lanoc the Sneak (level 4, -1/28 HPs)
             Began as an Octopode Enchanter on Dec 31, 2018.
             Slain by Sigmund
             ... wielding a +2 scythe of protection
              (10 damage)
             ... on level 2 of the Dungeon.
             The game lasted 00:02:27 (1248 turns).

Lanoc the Sneak (Octopode Enchanter)                Turns: 1248, Time: 00:02:28

Health: -1/28      AC:  1    Str:  7    XL:     4   Next: 33%
Magic:  1/7        EV: 13    Int: 18    God:
Gold:   64         SH:  0    Dex: 12    Spells: 4/7 levels left

rFire    . . .     SeeInvis .   a - +1 dagger
rCold    . . .     Gourm    .   (no shield)
rNeg     . . .     Faith    .   (helmet restricted)
rPois    .         Spirit   .   (no amulet)
rElec    .         Reflect  .   (no ring)
rCorr    .         Harm     .   (no ring)
MR       .....                  (no ring)
Stlth    ++++......             (no ring)
HPRegen  0.09/turn              (no ring)
MPRegen  0.10/turn              (no ring)
                                (no ring)
                                (no ring)

@: no status effects
A: almost no armour, stealthy swim, amphibious, 8 rings, constrict 8, camouflage
1, gelatinous body 1
a: no special abilities


You were on level 2 of the Dungeon.
You were not hungry.

You visited 1 branch of the dungeon, and saw 2 of its levels.

You collected 64 gold pieces.

Inventory:

Hand Weapons
 a - a +1 dagger (weapon)
Wands
 l - a wand of flame (23)
Scrolls
 d - 2 scrolls of amnesia {unknown}
 g - 3 scrolls of remove curse {unknown}
 i - 3 scrolls of identify {unknown}
 k - a scroll of enchant armour {unknown}
Potions
 b - 2 potions of agility {unknown}
 e - a potion of invisibility {unknown}
 f - a potion of curing {unknown}
 h - a potion of heal wounds {unknown}
Comestibles
 c - 8 rations
 j - 2 chunks of flesh


   Skills:
 + Level 1.0 Fighting
 * Level 2.0 Short Blades
 + Level 2.3 Dodging
 * Level 4.7 Stealth
 + Level 2.3 Spellcasting
 * Level 3.5 Hexes


You had 4 spell levels left.
You knew the following spells:

 Your Spells              Type           Power        Failure   Level  Hunger
a - Corona                Hex            ##.....      4%          1    #......
b - Ensorcelled Hibernat  Hex/Ice        #.....       13%         2    ##.....

Your spell library contained the following spells:

 Spells                   Type           Power        Failure   Level  Hunger
 Confuse                  Hex            ##......     12%         3    ###....
 Tukima's Dance           Hex            ##......     12%         3    ###....
 Dazzling Spray           Conj/Hex       #.....       26%         3    ###....


Dungeon Overview and Level Annotations

Branches:
Dungeon (2/15)

Altars:

Annotations:
D:2 Sigmund


Innate Abilities, Weirdness & Mutations

You cannot wear most types of armour.
You are very stealthy in the water. (Stealth+)
You are amphibious.
You can wear up to eight rings at the same time.
You can use your tentacles to constrict eight enemies at once.
Your skin changes colour to match your surroundings (Stealth+).
Your rubbery body absorbs attacks. (AC +1, EV +1)


Message History

Sigmund is severely wounded.
You constrict Sigmund, but do no damage.
Sigmund casts a spell at you. The magic dart hits you!
You hit Sigmund but do no damage.
Sigmund is severely wounded.
You constrict Sigmund, but do no damage.
Sigmund barely misses you.
You hit Sigmund but do no damage.
Sigmund is severely wounded.
You constrict Sigmund, but do no damage.
You hit Sigmund but do no damage.
Sigmund is severely wounded.
You constrict Sigmund, but do no damage.
Sigmund hits you with a +2 scythe of protection!
You hit Sigmund but do no damage. You squeeze Sigmund.
Sigmund is severely wounded.
You constrict Sigmund, but do no damage.
Sigmund hits you with a +2 scythe of protection!
You die...

########..##.#####
#.........##.#
#.######..##.##
#.# #..##..# #.#
#..###.# ##.## #
#..# #.#
######...#.# #..#
#.# ..........#
#.>###.####
######.@.##
............
##@#.#
##..........
#.##.# ##.....###.
#.# ## #.##..###.
#.. ... #......
### ### #......
######. ##


You could see Sigmund.

Vanquished Creatures
  Jessica (D:2)
  2 adders (D:2)
  A worm (D:2)
  5 bats
  2 giant cockroaches (D:1)
  4 goblins
  5 hobgoblins
  3 kobolds
  A quokka (D:2)
  5 rats
29 creatures vanquished.

Notes
Turn   | Place    | Note
-------+----------+-------------------------------------------
     0 | D:1      | Lanoc the Octopode Enchanter began the quest for the Orb.
     0 | D:1      | Reached XP level 1. HP: 11/11 MP: 3/3
   179 | D:1      | Reached XP level 2. HP: 17/17 MP: 5/5
   215 | D:1      | Learned a level 2 spell: Ensorcelled Hibernation
   918 | D:2      | Reached XP level 3. HP: 22/22 MP: 6/6
   963 | D:2      | Noticed Jessica
   969 | D:2      | Killed Jessica
   969 | D:2      | Reached XP level 4. HP: 25/27 MP: 2/7
  1082 | D:2      | Reached skill level 1 in Fighting
  1235 | D:2      | Noticed Sigmund
  1248 | D:2      | Slain by Sigmund

Vault maps used:
D:1:      lightli_molten_gateway
D:2:      first_ration, grunt_ministairs_10, uniq_jessica, uniq_sigmund

Skill      XL: |  1  2  3  4 |
---------------+-------------+-----
Fighting       | 1 |  1.0
Short Blades   | 2 |  2.0
Dodging        | |  2.3
Stealth        | |  4.7
Spellcasting   | |  2.3
Hexes          | |  3.5

Action                   |  1- 3 |  4- 6 || total
-------------------------+-------+-------++-------
Melee: Dagger            |    38 |    27 ||    65
       Tentacles         |     4 |     5 ||     9
       Constrict         |     5 |     5 ||    10
 Cast: Ensorcelled Hiber |     2 |     3 ||     5
 Stab: Sleeping          |    13 |     3 ||    16
  Eat: Chunk             |       |     1 ||     1
Armor: Skin              |     2 |     4 ||     6
Dodge: Dodged            |    13 |    20 ||    33

Table legend:
 A = Non-vault XP
 B = Vault XP
 C = Vault XP percentage of total XP
 D = Non-vault monster count
 E = Vault monster count
 F = Vault count percentage of total count
                 A         B        C        D         E       F
            +---------+---------+-------+---------+---------+-------
      Total |      73 |      37 |  33.6 |      28 |       1 |   3.4
            +---------+---------+-------+---------+---------+-------
        D:1 |      19 |       0 |   0.0 |      10 |       0 |   0.0
        D:2 |      54 |      37 |  40.7 |      18 |       1 |   5.3
            +---------+---------+-------+---------+---------+-------
